 Dungeon Crawl Stone Soup version 0.31.0-12-g77e489cdc1 (webtiles) character file.

Game seed: 9909776725952631355

280 Heoruswealwe the Conjurer (level 6, 32/32 HPs)
             Began as a Deep Elf Conjurer on Feb 20, 2024.
             Got out of the dungeon alive.
             The game lasted 00:24:16 (3336 turns).

Heoruswealwe the Conjurer (Deep Elf Conjurer)       Turns: 3336, Time: 00:24:16

Health: 32/32      AC:  8    Str:  4    XL:     6   Next: 5%
Magic:  17/17      EV: 13    Int: 25    God:
Gold:   176        SH:  0    Dex: 20    Spells: 5/17 levels left

rFire   + + .        b - +0 war axe
rCold   . . .        (no shield)
rNeg    . . .        c - +0 robe
rPois   .            g - +2 helmet
rElec   .            h - +2 cloak
rCorr   .            (no gloves)
SInv    .            (no boots)
Will    .....        (no amulet)
Stlth   ++           k - ring of protection from fire
HPRegen 0.25/turn    j - ring of Duom {rF+ Dex+7}
MPRegen 0.15/turn

%: no passive effects
@: brilliant
A: no striking features
a: no special abilities


You escaped.
You visited 1 branch of the dungeon, and saw 4 of its levels.
You also visited: Sewer.

You collected 176 gold pieces.

Inventory:

Hand Weapons
 b - a +0 war axe (weapon)
Armour
 c - a +0 robe (worn)
 g - a +2 helmet (worn)
 h - a +2 cloak (worn)
 l - a +0 robe
 n - a +0 robe
Jewellery
 j - the ring of Duom (right hand) {rF+ Dex+7}
   (You found it on level 4 of the Dungeon)

   [ring of protection from fire]

   Dex+7:     It affects your dexterity (+7).
   rF+:       It protects you from fire.
 k - a ring of protection from fire (left hand)
Scrolls
 d - a scroll of amnesia {unknown}
 f - a scroll of noise {unknown}
 i - 2 scrolls of immolation {unknown}
 m - 3 scrolls of revelation {unknown}
 o - 4 scrolls of identify {unknown}
 p - a scroll of acquirement {unknown}
 t - 2 scrolls of fear {unknown}
 v - a scroll of teleportation {unknown}
Potions
 a - a potion of curing
 e - a potion of haste
 q - 4 potions of resistance


   Skills:
 - Level 2.4 Dodging
 - Level 2.4 Stealth
 + Level 6.3 Spellcasting
 + Level 6.5 Conjurations


You had 5 spell levels left.
You knew the following spells:

 Your Spells              Type           Power      Damage    Failure   Level
a - Magic Dart            Conj           100%       1d8       1%          1
b - Shock                 Conj/Air       100%       1d9       1%          1
c - Searing Ray           Conj           100%       2d8       1%          2
d - Fulminant Prism       Conj/Alch      18%        3d10      19%         4
e - Iskenderun's Mystic   Conj/Tloc      36%        2d9       19%         4

Your spell library contained the following spells:

 Spells                   Type           Power      Damage    Failure   Level
 Swiftness                Air            11%        N/A       22%         3
 Airstrike                Air            5%         2d(1-17)  56%         4


Dungeon Overview and Level Annotations

Branches:
Dungeon (4/15)              Sewer (visited)
 Temple: D:4-7

Altars:
Cheibriados
Gozag
Makhleb
Uskayaw
The Shining One


Message History

Found an opulent altar of Gozag and a hide-covered altar of Uskayaw.
There is a large open door here.
Press: ? - help, . - travel You can't see that place. [a stone staircase leading up.]
There is a large open door here.
There is a stone staircase leading up here.
You climb upwards.
There is a stone staircase leading down here.
There is an open door here.
There is a stone staircase leading up here.
You climb upwards.
There is a stone staircase leading down here.
It was a potion of lignification.
You turn into a tree.
Your +2 cloak melds into your body.
Your +2 helmet melds into your body.
Your +0 robe melds into your body.
Your roots penetrate the ground.
You start resting.
Your transformation is almost over.
You feel less wooden.
Your +2 cloak unmelds from your body.
Your +2 helmet unmelds from your body.
Your +0 robe unmelds from your body.
It was a potion of berserk rage.
A red film seems to cover your vision as you go berserk!
You feel yourself moving faster!
You feel mighty!
You start waiting.
You feel a strong urge to attack something.
You start waiting.
You feel your anger nearly subside.
You start waiting.
You are no longer berserk.
You are exhausted.
You feel yourself slow down.
You start waiting.
You feel yourself speed up.
You start waiting.
You recover from your berserk rage.
It was a potion of brilliance.
You feel clever all of a sudden.
There is a staircase leading out of the dungeon here.
You have escaped!

#≈≈§§≈≈≈§≈.≈.#
#≈≈≈§≈≈§≈§§..#
#≈≈≈≈≈≈§§§≈(.#
#≈≈≈≈§≈§§§...##
#≈≈≈≈≈≈≈§§....#
#≈≈≈≈≈≈≈§.....#
#§≈...........#
#≈......##..###
#######
#.......#@..#
#.....#
#...........#
#.....#
##########..#
#...).# #..#
#...... ##.#
#.....# #.#
#...... #.#
#.....#
#.########.....#
#........#######


There were no monsters in sight!

Vanquished Creatures
  A scorpion (D:4)
  8 adders
  5 river rats
  3 dart slugs
  3 ribbon worms
  3 orcs (D:4)
  11 ball pythons
  6 bats
  3 endoplasms
  5 giant cockroaches
  6 goblins
  4 hobgoblins
  3 quokkas
  2 frilled lizards (D:2)
  16 kobolds
  26 rats
105 creatures vanquished.

Notes
Turn   | Place    | Note
-------+----------+-------------------------------------------
     0 | D:1      | Heoruswealwe the Deep Elf Conjurer began the quest for the
                  | Orb.
     0 | D:1      | Reached XP level 1. HP: 10/10 MP: 6/6
    20 | D:1      | Found a glowing golden altar of the Shining One.
    49 | D:1      | You fall into a shaft and drop 1 floor!
   135 | D:2      | Found a burning altar of Makhleb.
   332 | D:1      | Reached XP level 2. HP: 15/15 MP: 1/8
   335 | D:1      | Learned a level 2 spell: Searing Ray
   349 | D:1      | Learned a level 1 spell: Shock
   675 | D:1      | Found a faded altar of an unknown god.
   853 | D:2      | Reached skill level 5 in Conjurations
   853 | D:2      | Reached XP level 3. HP: 19/19 MP: 3/10
  1674 | D:2      | You fall into a shaft and drop 2 floors!
  1684 | D:4      | Found a snail-covered altar of Cheibriados.
  1692 | D:4      | Noticed a scorpion
  1702 | D:4      | Killed a scorpion
  1703 | D:4      | Reached skill level 5 in Spellcasting
  1703 | D:4      | Reached XP level 4. HP: 17/24 MP: 8/13
  1867 | D:4      | Identified the ring of Duom {rF+ Dex+7}
  1966 | D:3      | Reached XP level 5. HP: 27/28 MP: 3/14
  1985 | D:3      | Found a glowing drain.
  2005 | Sewer    | Entered a sewer
  2105 | Sewer    | Learned a level 4 spell: Fulminant Prism
  2110 | Sewer    | Learned a level 4 spell: Iskenderun's Mystic Blast
  2665 | Sewer    | Reached XP level 6. HP: 32/32 MP: 14/17
  3174 | D:3      | Found an opulent altar of Gozag.
  3174 | D:3      | Found a hide-covered altar of Uskayaw.
  3336 | D:$      | Got out of the dungeon alive.

Illustrated notes

Levels and vault maps discovered:
D:1:      dpeg_arrival_lava_altar, layout_rooms,
          hellmonk_ecumenical_altar_pennies_from_heaven, minmay_misc_feat_x,
          grunt_decor_one_mirror
D:2:      layout_basic, basic_altar, serial_bayou_pond_b
D:3:      layout_basic, gammafunk_temple_overflow_wave, gup_sewer_entry_bubbles,
          serial_shops, nicolae_shop_advertising_works
          [nicolae_subvault_shop_adworks]
D:4:      layout_basic, kennysheep_slug_shrine, uniq_edmund, uniq_blork_the_orc

Skill      XL: |  1  2  3  4  5 |
---------------+----------------+-----
Spellcasting   | 4 5 6 |  6.3
Conjurations   | 5 6 |  6.5
Dodging        | |  2.4
Stealth        | |  2.4

Action                     |  1- 3 |  4- 6 || total
---------------------------+-------+-------++-------
  Melee: Unarmed           |    16 |       ||    16
         War axe           |       |     2 ||     2
   Cast: Magic Dart        |    61 |   123 ||   184
         Searing Ray       |     2 |     6 ||     8
    Use: Potion            |     1 |    10 ||    11
 Armour: Robe              |     4 |    30 ||    34
  Dodge: Dodged            |     5 |    55 ||    60
